 Dungeon Crawl Stone Soup version 0.30.1 (webtiles) character file.

Game seed: 80812496013844848

1327 Destapler the Ruffian (level 8, -2/80 HPs)
             Began as a Troll Berserker on July 9, 2023.
             Was an Elder of Trog.
             Slain by an unseen horror (4 damage)
             ... on level 6 of the Dungeon.
             The game lasted 00:15:28 (4302 turns).

Destapler the Ruffian (Troll Berserker)             Turns: 4302, Time: 00:15:28

Health: -2/80      AC:  6    Str: 28    XL:     8   Next: 34%
Magic:  7/7        EV: 10    Int:  3    God:    Trog [****..]
Gold:   337        SH:  0    Dex:  9    Spells: 7/7 levels left

rFire   . .          .
                       - Unarmed
rCold   . . .        (no shield)
rNeg    + . .        f - +2 robe {rN+}
rPois   .            (helmet restricted)
rElec   .            (no cloak)
rCorr   .            (gloves unavailable)
SInv    .            (boots unavailable)
Will    .....        (no amulet)
Stlth   +            (no ring)
HPRegen 1.13/turn    (no ring)
MPRegen 0.10/turn

%: no passive effects
@: on berserk cooldown, slowed, very slow
A: large, unfitting armour, claws 3, regeneration 1, shaggy fur 1, tough skin 1
a: Renounce Religion, Berserk, Trog's Hand, Brothers in Arms


You were on level 6 of the Dungeon.
You worshipped Trog.
Trog was greatly pleased with you.
You visited 1 branch of the dungeon, and saw 6 of its levels.

You collected 337 gold pieces.

Inventory:

Hand Weapons
 a - a +2 mace of holy wrath
 u - a +0 giant spiked club
Missiles
 j - 2 throwing nets
 n - 2 poisoned darts (quivered)
 t - 42 stones
Armour
 f - a +2 robe of positive energy (worn)
Wands
 k - a wand of light (7)
 q - a wand of flame (13)
Scrolls
 b - 3 scrolls of teleportation
 d - 2 scrolls of enchant weapon {unknown}
 e - a scroll of poison {unknown}
 g - a scroll of immolation {unknown}
 l - a scroll of torment {unknown}
 s - 2 scrolls of blinking
 w - a scroll of identify
Potions
 c - a potion of haste
 h - 2 potions of resistance
 i - 2 potions of might {unknown}
 m - a potion of curing
 o - a potion of ambrosia
 p - 3 potions of mutation
 r - a potion of heal wounds
 v - a potion of flight


   Skills:
 - Level 5.0 Fighting
 + Level 1.4 Short Blades
 + Level 1.6 Maces & Flails
 + Level 1.6 Throwing
 - Level 5.0 Dodging
 - Level 6.1 Unarmed Combat
 + Level 1.3 Evocations


You had 7 spell levels left.
You didn't know any spells.
Your spell library contained the following spells:

 Spells                   Type           Power      Damage    Failure   Level
 Foxfire                  Conj/Fire      0%         2x1d4     52%         1
 Sting                    Tmut/Pois      0%         1d3       52%         1
 Vhi's Electric Charge    Tloc/Air       0%         N/A       88%         3
 Alistair's Intoxication  Tmut/Pois      0%         N/A       100%        5
 Fireball                 Conj/Fire      0%         3d3       100%        5
 Plasma Beam              Fire/Air       0%         2x1d11    100%        6
 Starburst                Conj/Fire      0%         6d3       100%        6


Dungeon Overview and Level Annotations

Branches:
Dungeon (6/15)             Temple (0/1) D:5

Altars:
Elyvilon
Kikubaaqudgha
Trog


Innate Abilities, Weirdness & Mutations

You are too large for most types of armour.
You have claws for hands.
Your natural rate of healing is unusually fast.
You are covered in fur. (AC +1)
You have tough skin. (AC +1)


Message History

You closely miss something. Something hits you.
Throw: 5 darts (poison)
Press: ? - help, Q - select action, (/) - cycle Shift-Dir - straight line You throw a poisoned dart.
Something hits you but does no damage.
Throw: 4 darts (poison)
Press: ? - help, Q - select action, (/) - cycle Shift-Dir - straight line You throw a poisoned dart.
Something hits you. Something hits you.
The boulder beetle leaps!
Throw: 3 darts (poison)
Press: ? - help, Q - select action, (/) - cycle Shift-Dir - straight line, f - you
Okay, then.
You miss something. Something hits you. Something hits you but does no damage.
You closely miss something. Something hits you.
Something hits you but does no damage.
Throw: 3 darts (poison)
Press: ? - help, Q - select action, (/) - cycle Shift-Dir - straight line You throw a poisoned dart.
Something hits you. Something hits you!
* * * LOW HITPOINT WARNING * * *
Throw: 2 darts (poison)
Press: ? - help, Q - select action, (/) - cycle Shift-Dir - straight line You throw a poisoned dart.
Something hits you but does no damage. Something hits you.
* * * LOW HITPOINT WARNING * * *
You see here a poisoned dart.
n - 2 poisoned darts (gained 1)
Something hits you!
* * * LOW HITPOINT WARNING * * *
You fail to use your ability.
Something hits you!
* * * LOW HITPOINT WARNING * * *
Something hits you!
* * * LOW HITPOINT WARNING * * *
The boulder beetle bites you!!
* * * LOW HITPOINT WARNING * * *
The boulder beetle leaps!
You fail to use your ability.
Something hits you.
You die...

#...## #..###......##
####...## ##.##..[.....###
##..##..B## ##....#.......)#
#.....#...###..######.....).
#..........#..## ########
##.............#
#..........)#..#
#.........(..°.#
##..........@#..#
#####.........(##..#
##...†.........####.#
.†.#####......## .. ####
###...## ... ##..# .... #..#
.... #..# #..#


You could see a boulder beetle.

Vanquished Creatures
  An ice beast (D:5)
  2 ogres (D:6)
  A phantom (D:6)
  3 bullfrogs
  A scorpion (D:5)
  2 howler monkeys
  4 hounds
  A jelly (D:5)
  3 orc priests
  2 iguanas (D:5)
  3 orc wizards (D:4)
  Robin (D:3)
  10 adders
  3 gnolls (D:5)
  A shadow imp (D:5)
  2 ufetubi
  2 worms
  5 dart slugs
  20 orcs
  7 endoplasms
  3 giant cockroaches (D:2)
  17 goblins
  11 hobgoblins
  4 jackals (D:4)
  5 kobolds
  7 quokkas
  6 ball pythons
  10 bats
  8 frilled lizards
  5 rats
150 creatures vanquished.

Notes
Turn   | Place    | Note
-------+----------+-------------------------------------------
     0 | D:1      | Destapler the Troll Berserker began the quest for the Orb.
     0 | D:1      | Reached XP level 1. HP: 22/22 MP: 0/0
   228 | D:1      | Found a faded altar of an unknown god.
   232 | D:1      | Reached XP level 2. HP: 29/29 MP: 1/1
   253 | D:1      | Got Plato's Volume of Vicissitude
   633 | D:2      | You fall into a shaft and drop 1 floor!
   636 | D:3      | Found a white marble altar of Elyvilon.
   653 | D:3      | Reached XP level 3. HP: 36/36 MP: 2/2
   663 | D:3      | Reached ** piety under Trog
   668 | D:3      | Reached XP level 4. HP: 45/45 MP: 3/3
   753 | D:3      | Noticed Robin
   776 | D:3      | Killed Robin
   891 | D:2      | Reached skill level 4 in Unarmed Combat
  1034 | D:2      | Reached XP level 5. HP: 41/53 MP: 4/4
  1169 | D:2      | Reached *** piety under Trog
  1411 | D:3      | Got the Omnibus of the Wasteland
  1973 | D:4      | Reached XP level 6. HP: 49/62 MP: 5/5
  2311 | D:4      | Found an ancient bone altar of Kikubaaqudgha.
  2311 | D:4      | Found a bloodstained altar of Trog.
  2466 | D:5      | Entered Level 5 of the Dungeon
  2506 | D:5      | Reached skill level 5 in Unarmed Combat
  2717 | D:5      | Noticed an ice beast
  2724 | D:5      | Killed an ice beast
  2725 | D:5      | Reached XP level 7. HP: 60/71 MP: 6/6
  2755 | D:5      | Reached **** piety under Trog
  2813 | D:5      | Found a staircase to the Ecumenical Temple.
  3231 | D:6      | Reached skill level 6 in Unarmed Combat
  3239 | D:6      | Reached skill level 5 in Fighting
  3239 | D:6      | Reached skill level 5 in Dodging
  3972 | D:6      | Reached XP level 8. HP: 80/80 MP: 7/7
  4020 | D:6      | Reached skill level 1 in Throwing
  4074 | D:6      | Reached skill level 1 in Maces & Flails
  4149 | D:6      | Reached skill level 1 in Short Blades
  4149 | D:6      | Reached skill level 1 in Evocations
  4275 | D:6      | Noticed a boulder beetle
  4301 | D:6      | HP: 1/80 [boulder beetle (21)]
  4302 | D:6      | Slain by an unseen horror

Illustrated notes

Levels and vault maps discovered:
D:1:      kilobyte_arrival_exit_the_forest, layout_rooms,
          shapermc_ecumenical_altar_rom_forum, serial_bayou_pond_b
D:2:      layout_rooms, minmay_cut_off
D:3:      layout_basic, mainiacjoe_overflow_24_doors,
          minmay_fractal_squares_diagonal_5, uniq_robin
D:4:      layout_basic, gammafunk_temple_overflow_elements, nrook_mini_backslash
D:5:      layout_basic, minmay_temple_entry_proselytizer
D:6:      layout_cave_pods, minmay_chambers_of_fives

Skill      XL: |  1  2  3  4  5  6  7  8 |
---------------+-------------------------+-----
Fighting       | 3 4 5 |  5.0
Dodging        | 3 4 5 |  5.0
Unarmed Combat | 4 5 6 |  6.1
Throwing       | 1 |  1.6
Maces & Flails | 1 |  1.6
Short Blades   | 1 |  1.4
Evocations     | 1 |  1.3

Action                     |  1- 3 |  4- 6 |  7- 9 || total
---------------------------+-------+-------+-------++-------
  Melee: Unarmed           |    63 |   218 |   105 ||   386
         Punch             |     4 |     5 |     1 ||    10
  Throw: Dart              |       |       |     4 ||     4
 Invoke: Berserk           |     1 |     3 |     2 ||     6
         Trog's Hand       |       |       |     1 ||     1
    Use: Potion            |     3 |     1 |     1 ||     5
         Scroll            |     2 |     2 |     6 ||    10
   Stab: Invisible         |     3 |       |       ||     3
         Sleeping          |       |     1 |       ||     1
 Armour: Animal skin       |    13 |       |       ||    13
         Robe              |    16 |    90 |    42 ||   148
  Dodge: Dodged            |    26 |    93 |    38 ||   157
